 Dungeon Crawl Stone Soup version 0.24-a0-486-ged8816983f (webtiles) character file.

Game seed: 10986645379755276794

522 forest the Covert (level 7, -5/35 HPs)
             Began as a Spriggan Assassin on July 9, 2019.
             Slain by a bog mummy (17 damage)
             ... in an ossuary.
             The game lasted 00:07:18 (2326 turns).

forest the Covert (Spriggan Assassin)               Turns: 2326, Time: 00:07:19

Health: -5/35      AC:  3    Str:  6 (8)  XL:     7   Next: 1%
Magic:  8/8        EV: 19    Int: 11 (13) God:
Gold:   145        SH:  6    Dex: 19 (22) Spells: 6/6 levels left

rFire    . . .     SeeInvis +   a - +3 dagger
rCold    . . .     Gourm    .   q - +0 buckler
rNeg     . . .     Faith    .   b - +0 robe
rPois    .         Spirit   .   (helmet restricted)
rElec    .         Reflect  .   c - +0 cloak
rCorr    +         Harm     .   (gloves unavailable)
MR       +....                  (boots unavailable)
Stlth    ++++......             (no amulet)
HPRegen  0.11/turn              u - +4 ring of dexterity
MPRegen  0.11/turn              z - ring of resist corrosion

@: very quick
A: very small, unfitting armour, see invisible, herbivore, speed 3, slow
metabolism 2
a: no special abilities


You were in an ossuary.
You were not hungry.

You visited 1 branch of the dungeon, and saw 4 of its levels.
You also visited: Ossuary.

You collected 145 gold pieces.

Inventory:

Hand Weapons
 a - a +3 dagger (weapon)
 s - a +0 hunting sling
Missiles
 d - 8 poisoned darts (quivered)
 e - 2 curare-tipped darts
 j - 90 stones
 w - 22 sling bullets
Armour
 b - a +0 robe (worn)
 c - a +0 cloak (worn)
 q - a +0 buckler (worn)
Jewellery
 u - a +4 ring of dexterity (left hand)
 z - a ring of resist corrosion (right hand)
Scrolls
 m - a scroll of magic mapping
 p - a scroll of remove curse
Potions
 k - 2 potions of curing
 r - 2 potions of brilliance
Comestibles
 f - a ration


   Skills:
 + Level 2.2 Fighting
 + Level 4.8 Short Blades
 + Level 1.0(1.9) Slings
 + Level 2.1(2.2) Throwing
 + Level 4.3 Dodging
 + Level 9.2 Stealth
 + Level 1.0 Shields


You had 6 spell levels left.
You didn't know any spells.
Your spell library was empty.

Dungeon Overview and Level Annotations

Branches:
Dungeon (6/15)
 Temple: D:4-7

Altars:
Qazlal

Annotations:
D:6 Edmund


Innate Abilities, Weirdness & Mutations

You are very small and have problems with some larger weapons.
You are too small for most types of armour.
You have supernaturally acute eyesight. (SInv)
You are a herbivore.
You cover ground extremely quickly.
You need to consume almost no food.


Message History

You hit the mummy.
The mummy is almost destroyed.
The mummy completely misses you.
You hit the mummy but do no damage.
The mummy is almost destroyed.
You hit the mummy.
The mummy is almost destroyed.
You hit the mummy but do no damage.
The mummy is almost destroyed.
You hit the mummy but do no damage.
The mummy is almost destroyed.
The mummy closely misses you.
You hit the bog mummy but do no damage. You hit the mummy but do no damage.
The mummy is almost destroyed.
You hit the mummy.
You destroy the mummy!
You have reached level 7!
The bog mummy hits you!
You die...

##### #∩..#
#.∩.# #.@.#
##M##
....≈≈≈≈≈≈M..≈≈
'#'#≈≈.(≈#M###≈
.≈P#.#P≈ ≈≈
#####≈ ### ≈#
≈≈ ≈≈ ≈# ≈ ≈≈


You could see a bog mummy.

Vanquished Creatures
  An ice beast (D:2)
  A centaur (D:6)
  A centaur zombie (Ossuary)
  3 killer bee zombies (Ossuary)
  9 mummies
  2 adders
  An ooze (D:1)
  An adder zombie (Ossuary)
  2 worms (D:2)
  A ball python (D:2)
  6 bats
  3 giant cockroaches
  10 goblins
  4 hobgoblins
  3 jackals (D:1)
  4 frilled lizards
  A giant cockroach zombie (Ossuary)
  6 kobolds
  5 rats
64 creatures vanquished.

Vanquished Creatures (others)
  3 withered plants (Ossuary)
3 creatures vanquished.

Grand Total: 67 creatures vanquished

Notes
Turn   | Place    | Note
-------+----------+-------------------------------------------
     0 | D:1      | forest the Spriggan Assassin began the quest for the Orb.
     0 | D:1      | Reached XP level 1. HP: 10/10 MP: 2/2
    34 | D:1      | Reached skill level 6 in Stealth
    63 | D:1      | Reached XP level 2. HP: 14/14 MP: 3/3
   678 | D:1      | Reached skill level 7 in Stealth
   800 | D:1      | Reached XP level 3. HP: 16/18 MP: 4/4
  1526 | D:2      | Found a stormy altar of Qazlal.
  1569 | D:2      | Reached XP level 4. HP: 22/22 MP: 5/5
  1574 | D:2      | Noticed an ice beast
  1582 | D:2      | Killed an ice beast
  1582 | D:2      | Reached skill level 8 in Stealth
  1582 | D:2      | Reached XP level 5. HP: 26/26 MP: 6/6
  1792 | D:3      | You fall into a shaft and drop 3 floors!
  1821 | D:6      | Noticed an ogre
  1838 | D:6      | Noticed a centaur
  1845 | D:6      | Killed a centaur
  1849 | D:6      | Noticed Edmund
  1854 | D:6      | Found a sand-covered staircase.
  1859 | D:6      | Reached XP level 6. HP: 14/30 MP: 7/7
  1866 | Ossuary  | Entered an ossuary
  1931 | Ossuary  | Reached skill level 9 in Stealth
  2287 | Ossuary  | Reached skill level 1 in Slings
  2287 | Ossuary  | Reached skill level 1 in Shields
  2326 | Ossuary  | Reached XP level 7. HP: 12/35 MP: 8/8
  2326 | Ossuary  | Slain by a bog mummy

Levels and vault maps discovered:
D:1:      mainiacjoe_arrival_reflecting_pool, layout_loops_cross,
          chequers_serial_rivers_micro_c, grunt_decor_fettered, st_stairs_10,
          serial_park_tiny_1, minivault_26, feat_on_display
D:2:      layout_basic, nicolae_qazlal_general_emergency
D:3:      layout_loops_ring, old_standard_altar, cheibriados_altar_1
D:6:      layout_loops_corners, gup_ossuary_entry_pyramid, lemuel_oklob_altar,
          uniq_edmund
Ossuary:  ossuary_zaba_flooded

Skill      XL: |  1  2  3  4  5  6 |
---------------+-------------------+-----
Stealth        | 6 7 8 9 |  9.2
Dodging        | 2 3 4 |  4.3
Short Blades   | 3 4 |  4.8
Fighting       | 2 |  2.2
Slings         | 1 |  1.0
Shields        | 1 |  1.0
Throwing       | |  2.1

Action                   |  1- 3 |  4- 6 |  7- 9 || total
-------------------------+-------+-------+-------++-------
Melee: Dagger            |   122 |   122 |       ||   244
 Fire: Hunting sling     |       |     6 |       ||     6
Throw: Dart              |     2 |       |       ||     2
  Use: Scroll            |       |     7 |       ||     7
       Potion            |       |     8 |       ||     8
 Stab: Sleeping          |    14 |     5 |       ||    19
       Distracted        |     1 |       |       ||     1
Armor: Robe              |    14 |     1 |       ||    15
Dodge: Dodged            |    84 |    60 |       ||   144
Block: Buckler           |     4 |    33 |       ||    37

Table legend:
 A = Non-vault XP
 B = Vault XP
 C = Vault XP percentage of total XP
 D = Non-vault monster count
 E = Vault monster count
 F = Vault count percentage of total count
                 A         B        C        D         E       F
            +---------+---------+-------+---------+---------+-------
      Total |     352 |     394 |  52.8 |      46 |      18 |  28.1
            +---------+---------+-------+---------+---------+-------
        D:1 |      40 |       9 |  18.4 |      23 |       3 |  11.5
        D:2 |     182 |       0 |   0.0 |      20 |       0 |   0.0
        D:3 |      15 |       0 |   0.0 |       2 |       0 |   0.0
        D:6 |     115 |      21 |  15.4 |       1 |       1 |  50.0
    Ossuary |       0 |     364 | 100.0 |       0 |      14 | 100.0
            +---------+---------+-------+---------+---------+-------
